 Dungeon Crawl Stone Soup version 0.30.1-11-g7821555f0a (webtiles) character file.

Game seed: 18315177604993598787

92 Gumption the Poker (level 4, -1/35 HPs)
             Began as a Merfolk Gladiator on Nov 10, 2023.
             Succumbed to a gnoll's poison
             ... on level 2 of the Dungeon.
             The game lasted 00:13:52 (1705 turns).

Gumption the Poker (Merfolk Gladiator)              Turns: 1705, Time: 00:13:52

Health: -1/35      AC: 10    Str: 16    XL:     4   Next: 60%
Magic:  4/4        EV: 10    Int:  7    God:
Gold:   105        SH:  4    Dex: 15    Spells: 3/3 levels left

rFire   . . .        a - +0 trident
rCold   + . .        n - +0 buckler
rNeg    + . .        p - +2 scale mail of the Amoeba {rN+}
rPois   .            c - +0 helmet
rElec   .            (no cloak)
rCorr   +            (no gloves)
SInv    .            t - +0 pair of boots
Will    .....        (no amulet) Stlth
                     g - ring of resist corrosion
HPRegen 0.25/turn    v - ring of protection from cold
MPRegen 0.09/turn

%: no passive effects
@: lethally poisoned (-1 -> -11)
A: (nimble swimmer 2), mertail
a: no special abilities


You were on level 2 of the Dungeon.
You visited 1 branch of the dungeon, and saw 3 of its levels.

You collected 105 gold pieces.

Inventory:

Hand Weapons
 a - a +0 trident (weapon)
Missiles
 d - 3 throwing nets
 e - a javelin (quivered)
 f - 25 stones
 w - 6 curare-tipped darts
Armour
 c - a +0 helmet (worn)
 n - a +0 buckler (worn)
 p - the +2 scale mail of the Amoeba (worn) {rN+}
   (You found it on level 2 of the Dungeon)

   rN:        It protects you from negative energy.
 t - a +0 pair of boots (worn)
Jewellery
 g - a ring of resist corrosion (left hand)
 v - a ring of protection from cold (right hand)
Scrolls
 j - 2 scrolls of identify {unknown}
 k - a scroll of fog {unknown}
 m - a scroll of immolation {unknown}
 o - a scroll of silence {unknown}
 s - a scroll of magic mapping {unknown}
 u - a scroll of amnesia {unknown}
Potions
 b - a potion of brilliance {unknown}
 h - 2 potions of curing {unknown}
 i - 2 potions of haste {unknown}
 l - a potion of heal wounds {unknown}
 q - a potion of berserk rage {unknown}
 r - a potion of invisibility {unknown}


   Skills:
 + Level 3.0 Fighting
 * Level 5.4 Polearms
 - Level 2.0 Throwing
 + Level 1.1 Armour
 - Level 4.2 Dodging
 + Level 1.1 Shields


You had 3 spell levels left.
You didn't know any spells.
Your spell library was empty.

Dungeon Overview and Level Annotations

Branches:
Dungeon (3/15)

Altars:
Cheibriados

Shops:
D:3 (


Innate Abilities, Weirdness & Mutations

((You are very nimble when in or above water. (Stealth+, EV+, Speed+++)))
Your lower body shifts to a powerful aquatic tail in water.


Message History

The gnoll misses you. The gnoll closely misses you.
You closely miss the gnoll.
The gnoll is moderately wounded.
The gnoll hits you but does no damage.
You are poisoned.
The gnoll barely misses you.
You hit the gnoll.
The gnoll is severely wounded.
You feel sick. You block the gnoll's attack. The gnoll closely misses you.
You hit the gnoll but do no damage.
The gnoll is severely wounded.
You feel sick. The gnoll hits you but does no damage.
You are more poisoned.
The gnoll misses you.
You barely miss the gnoll.
The gnoll is heavily wounded.
You feel very sick. The gnoll barely misses you. The gnoll closely misses you.
The gnoll hits you but does no damage. The gnoll hits you with a +0 halberd.
You hit the gnoll.
You kill the gnoll!
You feel sick.
The gnoll hits you with a +0 whip of venom.
You are more poisoned.
You hit the gnoll.
The gnoll is heavily wounded.
You feel very sick.
The gnoll hits you with a +0 whip of venom.
* * * LOW HITPOINT WARNING * * *
You barely miss the gnoll.
The gnoll is heavily wounded.
* * * LOW HITPOINT WARNING * * *
You feel sick. The gnoll hits you but does no damage.
You are more poisoned.
You puncture the gnoll!
You kill the gnoll!
* * * LOW HITPOINT WARNING * * *
You feel very sick.
Your Fighting skill increases to level 3!
You die...

...###.........# #...#...##..
.###......###..#######...#...##.#
##......#.......................#
.........).#............†........
#.....###..#...#................#
#.....# #......#.#####...#...##.#
####### #......#)# #...#...##..
#....###># #...#>..#### ###
##......@# #...##### #
##.#######.####### ###...## #
#..l.l)g...##### #......#
##.#########...## #.##.#.# ##.#
##.....####.##.#.# ...#
#..........<...#.## ####
#........†........# ### #
#........##.......# #.. #
##.....#.########.####..


There were no monsters in sight!

Vanquished Creatures
  4 gnolls
  An adder (D:2)
  A worm (D:2)
  2 dart slugs (D:2)
  3 bats
  4 endoplasms
  A giant cockroach (D:2)
  3 goblins
  A hobgoblin (D:1)
  3 jackals (D:2)
  4 kobolds
  2 quokkas
  6 ball pythons
  3 frilled lizards (D:2)
  A rat (D:2)
39 creatures vanquished.

Notes
Turn   | Place    | Note
-------+----------+-------------------------------------------
     0 | D:1      | Gumption the Merfolk Gladiator began the quest for the Orb.
     0 | D:1      | Reached XP level 1. HP: 16/16 MP: 1/1
   321 | D:1      | Reached XP level 2. HP: 20/23 MP: 2/2
   732 | D:2      | Reached XP level 3. HP: 28/28 MP: 3/3
   814 | D:2      | Identified the +2 scale mail of the Amoeba {rN+}
  1000 | D:2      | Found a snail-covered altar of Cheibriados.
  1100 | D:2      | Reached skill level 5 in Polearms
  1306 | D:2      | Reached XP level 4. HP: 34/34 MP: 4/4
  1504 | D:2      | Reached skill level 1 in Armour
  1642 | D:3      | Found Yconej's Weapon Shop.
  1642 | D:3      | Noticed an ogre
  1692 | D:3      | Reached skill level 1 in Shields
  1704 | D:2      | HP: 1/34 [poisoned by a gnoll]
  1705 | D:2      | Succumbed to a gnoll's poison

Illustrated notes

Levels and vault maps discovered:
D:1:      spicycebolla_arrival_xxxplode, layout_basic
D:2:      layout_loops_cross, basic_altar, minmay_unequal
D:3:      layout_basic, chei_slow_surprise, nicolae_yredelemnul_corpse_copse,
          serial_shops, nicolae_shop_statue_plus, dreamdust_wishing_well,
          hangedman_decor_growths, chequers_serial_rivers_micro_d,
          uniq_crazy_yiuf_cottage, uniq_ijyb

Skill      XL: |  1  2  3  4 |
---------------+-------------+-----
Polearms       | 5 |  5.4
Armour         | 1 |  1.1
Shields        | 1 |  1.1
Fighting       | 3 |  3.0
Throwing       | |  2.0
Dodging        | |  4.2

Action                     |  1- 3 |  4- 6 || total
---------------------------+-------+-------++-------
  Melee: Trident           |   104 |    26 ||   130
  Throw: Javelin           |     1 |       ||     1
 Armour: Ring mail         |    10 |       ||    10
         Scale mail        |    20 |     9 ||    29
  Dodge: Dodged            |    42 |    17 ||    59
  Block: Buckler           |    14 |     6 ||    20
